 Dungeon Crawl Stone Soup version 0.23.0 (webtiles) character file.

Game seed: 14883283340409847299

263 HunterAntonescu the Skirmisher (level 6, -1/49 HPs)
             Began as a Human Fighter on Feb 17, 2019.
             Slain by a worm (6 damage)
             ... on level 3 of the Dungeon.
             The game lasted 00:14:31 (2405 turns).

HunterAntonescu the Skirmisher (Human Fighter)      Turns: 2405, Time: 00:14:31

Health: -1/49      AC:  7    Str: 18    XL:     6   Next: 42%
Magic:  6/6        EV:  7    Int:  9    God:
Gold:   119        SH:  9    Dex: 12    Spells: 5/5 levels left

rFire    . . .     SeeInvis .   a - +0 long sword
rCold    . . .     Gourm    .   c - +0 shield
rNeg     . . .     Faith    .   b - +0 scale mail
rPois    .         Spirit   .   (no helmet)
rElec    .         Reflect  .   (no cloak)
rCorr    +         Harm     .   (no gloves)
MR       .....                  (no boots)
Stlth    ..........             (no amulet)
HPRegen  0.16/turn              q - ring of resist corrosion
MPRegen  0.10/turn              (no ring)

@: no status effects
A: no striking features
a: no special abilities


You were on level 3 of the Dungeon.
You were not hungry.

You visited 1 branch of the dungeon, and saw 3 of its levels.

You collected 119 gold pieces.

Inventory:

Hand Weapons
 a - a +0 long sword (weapon)
Missiles
 p - 6 exploding tomahawks (quivered)
Armour
 b - a +0 scale mail (worn)
 c - a +0 shield (worn)
Jewellery
 q - a ring of resist corrosion (left hand)
Scrolls
 d - 2 scrolls of remove curse
 e - a scroll of identify
 g - a scroll of immolation {unknown}
 h - a scroll of enchant armour {unknown}
 k - a scroll of fear {unknown}
 m - a scroll of magic mapping {unknown}
 o - a scroll of noise {unknown}
Potions
 i - a potion of brilliance
 j - a potion of haste {unknown}
 l - a potion of curing {unknown}
 n - a potion of magic {unknown}
Comestibles
 f - 3 rations


   Skills:
 * Level 4.5 Fighting
 * Level 3.9 Long Blades
 + Level 3.9 Armour
 + Level 3.7 Shields


You had 5 spell levels left.
You didn't know any spells.
Your spell library contained the following spells:

 Spells                   Type           Power        Failure   Level  Hunger
 Animate Skeleton         Necr           N/A          99%         1    ##.....
 Apportation              Tloc           #.....       99%         1    ##.....
 Confusing Touch          Hex            #.....       99%         1    ##.....
 Summon Small Mammal      Summ           #...         99%         1    ##.....


Dungeon Overview and Level Annotations

Branches:
Dungeon (3/15)

Altars:
Ashenzari
Trog

Annotations:
D:3 Sigmund


Message History

You block the rat's attack.
The moth of wrath goads the worm on!
The worm goes berserk!
The worm bites you.
You hit the rat.
You kill the rat!
The moth of wrath goads the worm on!
The worm goes berserk!
The worm bites you!
Your shield and scale mail prevent you from hitting the worm.
You block the worm's attack. The worm bites you!
You are too injured to fight recklessly!
You are too injured to fight recklessly!
You are too injured to fight recklessly!
Your shield and scale mail prevent you from hitting the worm.
The worm bites you!
* * * LOW HITPOINT WARNING * * *
The worm bites you.
* * * LOW HITPOINT WARNING * * *
You block the worm's attack. The worm bites you but does no damage.
You slash the worm!
The worm is moderately wounded.
The worm bites you.
You die...

#........# ##.......# #.
#.########...._..).##......# #.
#[......##.........##......# #.
###.....#....###....#......####.
#.....#...##y##...#...........
#.)...#....###....#...........
#.....#...........######......
#.....##....www..#############
#......##....@..###........###
#.......####.####.............
#.........##.##.###........###
#...............# #........#
#...............# #........#
+...............# #........#
#...............# #........#
#.#####.........# #........# #.
#.........# #........#


You could see a moth of wrath and 3 worms.

Vanquished Creatures
  2 orc wizards (D:2)
  Terence (D:3)
  Natasha (D:2)
  7 adders
  2 oozes
  3 worms
  3 dart slugs (D:1)
  3 leopard geckos
  6 orcs
  5 giant cockroaches
  7 goblins
  4 hobgoblins
  A ball python (D:1)
  5 bats
  A frilled lizard (D:1)
  8 kobolds
  3 rats
62 creatures vanquished.

Vanquished Creatures (others)
  An orc wizard (D:2)
1 creature vanquished.

Grand Total: 63 creatures vanquished

Notes
Turn   | Place    | Note
-------+----------+-------------------------------------------
     0 | D:1      | HunterAntonescu the Human Fighter began the quest for the
                  | Orb.
     0 | D:1      | Reached XP level 1. HP: 18/18 MP: 1/1
    34 | D:1      | Reached XP level 2. HP: 14/24 MP: 2/2
   192 | D:1      | Reached XP level 3. HP: 22/29 MP: 3/3
   747 | D:2      | Reached XP level 4. HP: 29/36 MP: 4/4
  1122 | D:2      | Found a shattered altar of Ashenzari.
  1202 | D:2      | Reached skill level 4 in Fighting
  1202 | D:2      | Reached XP level 5. HP: 19/42 MP: 5/5
  1843 | D:3      | Noticed Terence
  1851 | D:3      | Reached XP level 6. HP: 34/48 MP: 6/6
  1862 | D:3      | Killed Terence
  2016 | D:3      | Noticed Sigmund
  2016 | D:3      | Noticed Natasha
  2037 | D:2      | Killed Natasha
  2390 | D:3      | Noticed a moth of wrath
  2393 | D:3      | Found a bloodstained altar of Trog.
  2405 | D:3      | Slain by a worm

Skill      XL: |  1  2  3  4 |
---------------+-------------+-----
Long Blades    | 3 |  3.9
Fighting       | 4 |  4.5
Armour         | |  3.9
Shields        | |  3.7

Action                   |  1- 3 |  4- 6 || total
-------------------------+-------+-------++-------
Melee: Long sword        |    73 |   187 ||   260
Throw: Tomahawk          |       |     1 ||     1
  Use: Potion            |     1 |     1 ||     2
       Scroll            |       |     3 ||     3
  Eat: Ration            |       |     2 ||     2
Armor: Scale mail        |    25 |    67 ||    92
Dodge: Dodged            |    19 |    48 ||    67
Block: Shield            |    27 |    83 ||   110
       Rpst.: Long sword |     6 |    13 ||    19
